 Dungeon Crawl Stone Soup version 0.23.2-40-g277498a (webtiles) character file.

Game seed: 3541003784321659064

361 CrazyJ the Caller (level 6, 0/50 HPs)
             Began as a Draconian Summoner on Sept 21, 2019.
             Slain by an orc wizard
             ... wielding a +1 dagger of venom
              (2 damage)
             ... on level 4 of the Dungeon.
             The game lasted 00:20:58 (4845 turns).

CrazyJ the Caller (Draconian Summoner)              Turns: 4845, Time: 00:20:58

Health: 0/50       AC:  6    Str: 11    XL:     6   Next: 38%
Magic:  5/10       EV: 13    Int: 17    God:
Gold:   143        SH:  3    Dex: 11    Spells: 5/11 levels left

rFire    . . .     SeeInvis .   w - +1 trident
rCold    . . .     Gourm    .   (no shield)
rNeg     . . .     Faith    .   (armour unavailable)
rPois    .         Spirit   .   (helmet restricted)
rElec    .         Reflect  +   (no cloak)
rCorr    .         Harm     .   (no gloves)
MR       .....                  (no boots)
Stlth    ++........             l - +3 amulet of reflection
HPRegen  0.16/turn              (no ring)
MPRegen  0.12/turn              (no ring)

@: lethally poisoned (0 -> -33), slowed, very slow
A: unfitting armour, cold-blooded, AC +6
a: no special abilities


You were on level 4 of the Dungeon.
You were not hungry.

You visited 1 branch of the dungeon, and saw 4 of its levels.

You collected 143 gold pieces.

Inventory:

Hand Weapons
 c - a +0 dagger
 m - a +0 spear
 w - a +1 trident (weapon)
Missiles
 a - 14 sling bullets
 f - 32 poisoned needles
 h - 78 stones (quivered)
 s - 4 javelins
Jewellery
 l - a +3 amulet of reflection (around neck)
 q - an uncursed ring of attention
Scrolls
 d - a scroll of random uselessness
 j - a scroll of immolation {unknown}
 k - 2 scrolls of identify
 n - 3 scrolls of teleportation
 p - a scroll of enchant weapon
 v - a scroll of blinking {unknown}
Potions
 e - a potion of brilliance {unknown}
 i - a potion of agility
 u - a potion of lignification
Comestibles
 b - 8 rations


   Skills:
 + Level 2.5 Fighting
 + Level 2.0 Polearms
 + Level 2.9 Dodging
 - Level 1.7 Stealth
 + Level 3.1 Spellcasting
 * Level 5.6 Summonings


You had 5 spell levels left.
You knew the following spells:

 Your Spells              Type           Power        Failure   Level  Hunger
a - Summon Small Mammal   Summ           ###.         1%          1    None
b - Call Imp              Summ           ###.....     2%          2    ##.....
c - Call Canine Familiar  Summ           ###.....     4%          3    ###....

Your spell library contained the following spells:

 Spells                   Type           Power        Failure   Level  Hunger
 Summon Guardian Golem    Hex/Summ       ##......     16%         3    ###....
 Summon Ice Beast         Ice/Summ       ##......     47%         4    ####...
 Summon Lightning Spire   Summ/Air       ##......     47%         4    ####...


Dungeon Overview and Level Annotations

Branches:
Dungeon (4/15)
 Temple: D:4-7

Altars:
The Shining One

Annotations:
D:3 3 runed translucent doors, 0gre's ghost, amateur MiBe
D:4 1 transporter


Innate Abilities, Weirdness & Mutations

Your plain brown scales are hard. (AC +6)
You cannot fit into any form of body armour.
You are cold-blooded and may be slowed by cold attacks.


Message History

The orc wizard hits you but does no damage.
You are more poisoned.
Your hound misses the orc wizard.
Your crimson imp misses the orc wizard.
The orc wizard hits you but does no damage.
You are more poisoned.
Attack whom?
Press: ? - help, Dir - move target cursor, f/p - orc wizard
Aim: an orc wizard, wielding a +1 dagger of venom and wearing a +0 robe (almost dead, fast)
You barely miss the orc wizard.
The orc wizard is almost dead.
* * * LOW HITPOINT WARNING * * *
You feel very sick.
Your hound closely misses the orc wizard.
The orc wizard casts a spell at you. The magic dart hits you.
* * * LOW HITPOINT WARNING * * *
Your crimson imp closely misses the orc wizard.
Your hound misses the orc wizard.
The orc wizard hits you with a +1 dagger of venom.
You die...

*#######**** *......$,,,*
##..........##########
.#..5......,.........##
.#..........###..###..##########
.#...##......รท.5h..............#
oooo.##.....)###o###.###'###..##
#(...##.......##@##...##.##..##
#..o...........###.....###..##
#...............#.......#...#**
#..$.............###'###..#...#
...#..............##.##..####.#*
...#....#....$..#..###..#......#
$..#....#,,,,..,##..#..##.#...##
...#,...*****####...........###
,***,...####*#....##.###..l.#


You could see an orc wizard, a friendly hound and a friendly crimson imp.

Vanquished Creatures
  A hound (D:4)
  2 orc priests (D:4)
  A centaur skeleton (D:4)
  A worker ant (D:4)
  A mummy (D:4)
  2 adders (D:3)
  An ooze (D:1)
  A worm (D:2)
  A dart slug (D:3)
  4 leopard geckos
  3 orcs
  4 giant cockroaches
  4 goblins
  4 hobgoblins
  3 jackals (D:1)
  8 kobolds
  A quokka (D:4)
  6 bats
  8 frilled lizards
  2 kobold zombies (D:4)
  7 rats
65 creatures vanquished.

Vanquished Creatures (collateral kills)
  A phantom (D:4)
  A bullfrog (D:4)
  A worker ant (D:3)
  2 adders (D:3)
  2 worms (D:3)
  4 orcs
  4 hobgoblins
  2 quokkas
  A frilled lizard (D:1)
  A rat (D:3)
19 creatures vanquished.

Grand Total: 84 creatures vanquished

Notes
Turn   | Place    | Note
-------+----------+-------------------------------------------
     0 | D:1      | CrazyJ the Draconian Summoner began the quest for the Orb.
     0 | D:1      | Reached XP level 1. HP: 14/14 MP: 3/3
   363 | D:1      | Reached XP level 2. HP: 12/20 MP: 5/5
   777 | D:1      | Learned a level 2 spell: Call Imp
  1405 | D:1      | Reached XP level 3. HP: 20/27 MP: 6/6
  1560 | D:1      | Learned a level 3 spell: Call Canine Familiar
  2375 | D:2      | Reached skill level 1 in Fighting
  2647 | D:2      | Found a glowing golden altar of the Shining One.
  2703 | D:3      | Found a runed translucent gate.
  2703 | D:3      | Found a runed translucent gate.
  2708 | D:3      | Found a runed translucent gate.
  2782 | D:3      | Noticed 0gre's ghost (amateur MiBe)
  2944 | D:3      | Reached XP level 4. HP: 29/35 MP: 7/7
  3230 | D:3      | Reached skill level 1 in Polearms
  3661 | D:4      | Found a transporter.
  3668 | D:4      | Reached skill level 5 in Summonings
  3689 | D:4      | Reached XP level 5. HP: 32/41 MP: 7/9
  3784 | D:4      | Noticed a phantom
  3821 | D:4      | Killed a phantom
  4518 | D:4      | Reached XP level 6. HP: 30/49 MP: 6/10
  4845 | D:4      | HP: 2/50 [orc wizard/magic dart (3)]
  4845 | D:4      | Slain by an orc wizard

Skill      XL: |  1  2  3  4  5  6 |
---------------+-------------------+-----
Dodging        | 2 |  2.9
Fighting       | 1 2 |  2.5
Polearms       | 1 2 |  2.0
Summonings     | 5 |  5.6
Spellcasting   | 3 |  3.1
Stealth        | |  1.7

Action                   |  1- 3 |  4- 6 || total
-------------------------+-------+-------++-------
Melee: Dagger            |   107 |       ||   107
       Unarmed           |    17 |       ||    17
       Tailslap          |    12 |     7 ||    19
       Spear             |    86 |    36 ||   122
       Trident           |       |   107 ||   107
 Cast: Summon Small Mamm |     7 |       ||     7
       Call Imp          |     1 |     6 ||     7
       Call Canine Famil |     2 |    13 ||    15
  Use: Scroll            |       |     9 ||     9
       Potion            |       |     5 ||     5
 Stab: Sleeping          |     2 |     4 ||     6
       Distracted        |       |     2 ||     2
  Eat: Chunk             |     7 |     8 ||    15
Armor: Skin              |    81 |    38 ||   119
Dodge: Dodged            |   166 |    79 ||   245
Block: Other             |       |     8 ||     8
